 Dungeon Crawl Stone Soup version 0.30.1-11-g7821555f0a (webtiles) character file.

Game seed: 10557812902162486085

66 GimliDwarf the Conjurer (level 4, -3/27 HPs)
             Began as a Tengu Reaver on Jan 3, 2024.
             Slain by Sigmund
             ... wielding a +0 scythe
              (4 damage)
             ... on level 2 of the Dungeon.
             The game lasted 00:04:05 (2353 turns).

GimliDwarf the Conjurer (Tengu Reaver)              Turns: 2353, Time: 00:04:06

Health: -3/27      AC:  4    Str: 12    XL:     4   Next: 15%
Magic:  8/8        EV: 11    Int: 13    God:
Gold:   136        SH:  0    Dex: 15    Spells: 6/7 levels left

rFire   . . .        a - +0 falchion
rCold   . . .        f - +0 buckler
rNeg    . . .        b - +0 leather armour
rPois   .            (helmet restricted)
rElec   .            (no cloak)
rCorr   .            d - +0 pair of gloves
SInv    .            (boots unavailable)
Will    .....        (no amulet)
Stlth   +            (no ring)
HPRegen 0.24/turn    (no ring)
MPRegen 0.11/turn

%: no passive effects
@: confused
A: beak, talons 3
a: no special abilities


You were on level 2 of the Dungeon.
You visited 1 branch of the dungeon, and saw 2 of its levels.

You collected 136 gold pieces.

Inventory:

Hand Weapons
 a - a +0 falchion (weapon)
Missiles
 g - 2 javelins
Armour
 b - a +0 leather armour (worn)
 d - a +0 pair of gloves (worn)
 f - a +0 buckler (worn)
Scrolls
 e - a scroll of blinking {unknown}
 h - a scroll of fog {unknown}
 i - a scroll of poison {unknown}
 j - a scroll of torment {unknown}
 k - 2 scrolls of teleportation {unknown}
 l - a scroll of fear {unknown}
 m - a scroll of amnesia {unknown}
Potions
 c - 2 potions of heal wounds
 n - a potion of curing {unknown}
 o - a potion of magic {unknown}


   Skills:
 * Level 2.4 Fighting
 * Level 3.9 Long Blades
 * Level 2.0 Armour
 + Level 2.4 Dodging
 + Level 0.1 Stealth
 * Level 0.9 Shields
 + Level 2.0 Spellcasting
 + Level 4.2 Conjurations


You had 6 spell levels left.
You knew the following spells:

 Your Spells              Type           Power      Damage    Failure   Level
a - Kiss of Death         Conj/Necr      24%        2d7       21%         1

Your spell library contained the following spells:

 Spells                   Type           Power      Damage    Failure   Level
 Momentum Strike          Conj/Tloc      12%        3d8       30%         2
 Hailstorm                Conj/Ice       6%         3d4       52%         3


Dungeon Overview and Level Annotations

Branches:
Dungeon (2/15)

Altars:

Annotations:
D:2 Sigmund


Innate Abilities, Weirdness & Mutations

You have a beak for a mouth.
You have claws for feet.


Message History

You block Sigmund's attack.
Throw: 3 javelins
Press: ? - help, Shift-Dir - straight line, f/p - Sigmund
Aim: Sigmund, wielding a +0 scythe and wearing a +0 robe (55% to hit)
You throw a javelin. The javelin pierces through Sigmund!
Sigmund is moderately wounded.
Sigmund laughs darkly.
Sigmund barely misses you. Sigmund casts a spell at you.
You are confused.
You bump into the rock wall.
Sigmund casts a spell at you. You resist with some effort.
You hit Sigmund but do no damage.
Sigmund is moderately wounded.
You feel less confused.
Sigmund points at you and mumbles some strange words.
You are confused.
Sigmund barely misses you.
You bump into the rock wall.
You hit Sigmund.
Sigmund is moderately wounded.
Sigmund hits you with a +0 scythe!
Sigmund hits you from afar with a +0 scythe.
You feel less confused. Sigmund gestures at you while chanting.
You are confused.
Sigmund points at you and mumbles some strange words.
The magic dart hits you.
* * * LOW HITPOINT WARNING * * *
You bump into the granite statue.
Sigmund mumbles some strange words.
Sigmund flickers and vanishes!
Deactivating autopickup; reactivate with Ctrl-A.
You're too confused to move!
A magic dart appears from out of thin air!
The magic dart hits you.
* * * LOW HITPOINT WARNING * * *
You're too confused to move!
Something hits you.
You die...

################..#.#
..................#.##
##############.......##
# #........8....#
#########.####..8.8..##
....{...#.##...8._.8.#
#######.#.##.#..8.8..##
# #.#.##.#...8....#
#######.#<##.#..@.{...#
...........#.####.#...#
#########>##.####...###
.........(..........#
.............########
####.##.#.####
####.##.#.# ........#.#
.....#..#.#


There were no monsters in sight!

Vanquished Creatures
  4 adders (D:2)
  A dart slug (D:1)
  2 ball pythons (D:1)
  7 bats
  3 endoplasms
  A giant cockroach (D:1)
  3 hobgoblins
  2 jackals (D:2)
  3 frilled lizards
  2 goblins
  A kobold (D:2)
  2 rats
31 creatures vanquished.

Notes
Turn   | Place    | Note
-------+----------+-------------------------------------------
     0 | D:1      | GimliDwarf the Tengu Reaver began the quest for the Orb.
     0 | D:1      | Reached XP level 1. HP: 12/12 MP: 4/4
   165 | D:1      | Reached XP level 2. HP: 16/17 MP: 6/6
   284 | D:1      | Reached skill level 1 in Armour
  1029 | D:2      | Reached XP level 3. HP: 21/21 MP: 7/7
  1131 | D:2      | Noticed Sigmund
  1815 | D:2      | Reached XP level 4. HP: 21/27 MP: 8/8
  1893 | D:2      | Found a faded altar of an unknown god.
  2352 | D:2      | HP: 1/27 [something/magic dart (6)]
  2353 | D:2      | Slain by Sigmund

Illustrated notes

Levels and vault maps discovered:
D:1:      minmay_arrival_plants_in_alcoves, layout_basic
D:2:      layout_basic, chequers_ecumenical_altar_simple_redux,
          nicolae_half_adder, uniq_sigmund

Skill      XL: |  1  2  3  4 |
---------------+-------------+-----
Armour         | 1 2 |  2.0
Fighting       | |  2.4
Long Blades    | |  3.9
Dodging        | |  2.4
Stealth        | |  0.1
Shields        | |  0.9
Spellcasting   | |  2.0
Conjurations   | |  4.2

Action                     |  1- 3 |  4- 6 || total
---------------------------+-------+-------++-------
  Melee: Falchion          |    95 |     3 ||    98
         Kick              |    22 |       ||    22
         Peck              |    13 |       ||    13
  Throw: Javelin           |       |     3 ||     3
    Use: Potion            |     1 |       ||     1
   Stab: Sleeping          |       |     1 ||     1
 Armour: Leather armour    |    45 |       ||    45
  Dodge: Dodged            |    87 |     2 ||    89
  Block: Buckler           |    22 |     2 ||    24
